 Dungeon Crawl Stone Soup version 0.16.2 (webtiles) character file.

41386 PnYMaT the Fighter (level 13, -27/187 HPs)
             Began as a Minotaur Berserker on Aug 12, 2015.
             Was a High Priest of Trog.
             Annihilated by an ettin
             ... wielding a +0 dire flail
              (32 damage)
             ... on level 15 of the Dungeon on Aug 13, 2015.
             The game lasted 01:43:21 (19245 turns).

PnYMaT the Fighter (Minotaur Berserker)            Turns: 19245, Time: 01:43:21

Health: -27/187    AC: 21    Str: 29    XL:     13   Next: 79%
Magic:  6/6        EV: 12    Int:  4    God:    Trog [*****.]
Gold:   795        SH:  0    Dex: 16    Spells: 0 memorised, 12 levels left

rFire  . . .     SeeInvis .     M - +2 battleaxe (venom)
rCold  . . .     Clarity  .     z - +0 plate armour
rNeg   + . .     SustAb   .     (no shield)
rPois  .         Gourm    +     (helmet restricted)
rElec  .         Spirit   .     (no cloak)
rCorr  .         Warding  .     K - +2 pair of gloves {Dex+3}
rMut   .         Stasis   .     l - +0 pair of boots
MR     .....                    m - amulet of the gourmand
Stlth  ..........               G - ring of positive energy
                                j - +3 ring of slaying

@: berserking, very quick, not resistant to hostile enchantments, extremely
unstealthy
A: retaliatory headbutt, horns 2
a: Burn Spellbooks, Berserk, Trog's Hand, Brothers in Arms, Renounce Religion


You were on level 15 of the Dungeon.
You worshipped Trog.
Trog was extremely pleased with you.
You were not hungry.

You visited 1 branch of the dungeon, and saw 15 of its levels.

You collected 1071 gold pieces.
You spent 276 gold pieces at shops.

Inventory:

Hand weapons
 H - a +3 triple crossbow of freezing
 M - a +2 battleaxe of venom (weapon)
Missiles
 y - 15 tomahawks
 J - 5 poisoned tomahawks (quivered)
 L - 7 silver javelins
Armour
 l - a +0 pair of boots (worn)
 z - a +0 plate armour (worn)
 K - a +2 pair of gloves of dexterity (worn)
Jewellery
 j - a +3 ring of slaying (left hand)
 m - an amulet of the gourmand (around neck)
 G - a ring of positive energy (right hand)
 Z - a +2 ring of dexterity
Magical devices
 c - a wand of enslavement (21)
 k - a wand of hasting (6)
 w - a wand of disintegration (13)
 x - a wand of flame (16)
 A - a wand of fireball (0)
 N - a wand of enslavement (9)
 Q - a wand of draining (5)
Scrolls
 d - 2 scrolls of recharging
 f - 3 scrolls of random uselessness
 g - 2 scrolls of teleportation {unknown}
 i - 3 scrolls of noise {unknown}
 q - 3 scrolls of immolation
 t - 3 scrolls of magic mapping
 u - 4 scrolls of remove curse
 v - 2 scrolls of fear {unknown}
 E - 2 scrolls of vulnerability
 I - a scroll of silence {unknown}
 S - a scroll of acquirement {unknown}
 T - a scroll of amnesia {unknown}
 X - a scroll of enchant armour {unknown}
Potions
 a - a potion of agility
 b - 5 potions of might
 e - 7 potions of curing
 n - a potion of mutation {unknown}
 o - a potion of beneficial mutation {unknown}
 r - 4 potions of berserk rage
 s - 2 potions of lignification
 C - a potion of restore abilities {unknown}
 F - a potion of invisibility {unknown}
 O - 3 potions of brilliance
 R - a potion of cure mutation {unknown}
 U - a potion of ambrosia {unknown}
 W - a potion of degeneration {unknown}
Comestibles
 p - 6 royal jellies
 B - 4 meat rations
 D - 9 beef jerkies
 P - a slice of pizza
 V - 4 fruits
 Y - a bread ration


   Skills:
 + Level 14.7 Fighting
 + Level 10.8(13.2) Axes
   Level 12.7(14.1) Maces & Flails
 + Level 0.6 Throwing
 + Level 14.6 Armour
 + Level 5.9 Dodging
 + Level 1.4 Stealth
   Level 8.6 Shields
 + Level 0.6 Evocations


You had 12 spell levels left.
You didn't know any spells.

Dungeon Overview and Level Annotations

Branches:
Dungeon (15/15)            Temple (0/1) D:6            Lair (0/8) D:9
    Orc (0/4) D:11         Vaults (0/5) D:13
 Depths: D:15

Altars:
Dithmenos
Fedhas
Kikubaaqudgha
Nemelex Xobeh
Sif Muna
Yredelemnul
The Shining One
Beogh

Shops:
D:5 *   D:11 [!*   D:12 [   D:13 (   D:14 *


Innate Abilities, Weirdness & Mutations

You reflexively headbutt those who attack you in melee.
You have a pair of horns on your head.


Message History

Things that are here:
an uncursed longbow; 11 arrows You start resting.
The ettin shouts in stereo!
You slash the ettin!
The ettin is poisoned.
The ettin is lightly wounded.
The ettin hits you with a dire flail!!!
* * * LOW HITPOINT WARNING * * *
The ettin completely misses you.
Use which ability? (? or * to list)
A red film seems to cover your vision as you go berserk!
You feel yourself moving faster!
You feel mighty!
You feel somewhat more hungry. The ettin hits you with a dire flail!!
* * * LOW HITPOINT WARNING * * *
The ettin hits you with a dire flail of crushing.
* * * LOW HITPOINT WARNING * * *
x2 You slice the ettin!!
You headbutt the ettin!
The ettin is severely wounded.
The ettin hits you with a dire flail!!
You die...

. ###### .## #. ##.C.C.#
#.$...
..........#######.....
.#........##..##..... ..
#............ ######.
##.....#...). C.....(.##
####)#..##....)
........C###.?.(.#......##
.......#.@................
..............(?.....(..#
..$....##..))....)...(..#
......# #...............#
..... ##...............#
..%.##.?..............# ##
#..................
####.##)............#.
#......(...........##.


You could see an ettin.

Vanquished Creatures
  The ghost of poirepourri the Fighter, a powerful DDBe of Trog (D:15)
  3 hydras
  Erica (D:12)
  5 centaur warriors
  The ghost of PnYMaT the Covered, an experienced MiBe of Trog (D:6)
  A deep troll (D:15)
  Erolcha (D:12)
  7 unseen horrors
  8 hill giants
  A necromancer (D:13)
  A wizard (D:14)
  A manticore (D:12)
  3 ugly things
  2 cyclopes
  A centaur zombie (D:12)
  An efreet (D:13)
  A fire drake (D:9)
  A queen bee (D:10)
  A polar bear (shapeshifter) (D:15)
  6 slime creatures (D:13)
  2 two-headed ogres
  2 trolls
  2 shadows
  A centaur simulacrum (D:15)
  3 deep elf magi
  20 yaks
  3 wyverns
  2 wraiths
  18 humans (D:13)
  The ghost of Appriser the Caller, an average VSSu of Sif Muna (D:4)
  2 mottled dragons
  4 vampire mosquitoes
  2 hippogriffs
  6 orc warriors
  A black bear (D:11)
  8 spiders (D:11)
  2 wasps
  3 eyes of draining
  A necrophage (D:7)
  2 ice beasts
  8 ogres
  2 phantoms
  8 centaurs
  2 crocodiles (D:14)
  A big kobold (D:11)
  10 giant frogs
  5 scorpions
  7 wights
  2 wyvern skeletons (D:9)
  33 killer bees
  2 goliath beetles (D:7)
  6 crimson imps
  5 giant frog skeletons
  An iron imp (D:6)
  12 orc priests
  8 hounds
  4 centaur skeletons
  3 jellies
  15 orc wizards
  Natasha (thrice) (D:3)
  7 iguanas
  3 sheep (D:14)
  9 worker ants
  A worker ant (shapeshifter) (D:13)
  Ijyb (D:2)
  A hound skeleton (D:4)
  18 adders
  3 shadow imps
  3 giant mites
  4 worms
  An adder skeleton (D:5)
  An ooze (D:7)
  47 orcs
  2 bat skeletons (D:4)
  A bat zombie (D:6)
  5 giant cockroaches
  16 hobgoblins
  17 jackals
  16 kobolds
  3 quokkas
  2 ball pythons
  13 bats
  2 giant geckos
  4 giant newts
  9 goblins
  A goblin skeleton (D:6)
  A hobgoblin zombie (D:6)
  A jackal skeleton (D:6)
  A kobold skeleton (D:6)
  An orc skeleton (D:6)
  2 orc zombies (D:6)
  A quokka skeleton (D:4)
  A quokka zombie (D:9)
  9 rats
476 creatures vanquished.

Vanquished Creatures (collateral kills)
  A vault guard (D:13)
  A necromancer (D:13)
  A gargoyle (D:14)
  2 humans (D:13)
  3 orc warriors (D:11)
  An orc priest (D:11)
  16 orcs (D:11)
25 creatures vanquished.

Grand Total: 501 creatures vanquished

Notes
Turn   | Place    | Note
--------------------------------------------------------------
     0 | D:1      | PnYMaT, the Minotaur Berserker, began the quest for the Orb.
     0 | D:1      | Reached XP level 1. HP: 19/19 MP: 1/1
   321 | D:1      | Reached skill level 4 in Fighting
   321 | D:1      | Reached XP level 2. HP: 27/27 MP: 1/1
   476 | D:2      | Noticed Ijyb
   483 | D:2      | Killed Ijyb
   483 | D:2      | Reached XP level 3. HP: 29/34 MP: 2/2
   537 | D:2      | Acquired Trog's second power
   863 | D:2      | Reached XP level 4. HP: 34/41 MP: 2/2
  1280 | D:3      | Reached skill level 1 in Shields
  1280 | D:3      | Reached XP level 5. HP: 47/47 MP: 2/2
  1363 | D:3      | Noticed Natasha
  1372 | D:3      | Killed Natasha
  1488 | D:3      | Noticed Natasha
  1492 | D:3      | Killed Natasha
  1492 | D:3      | Reached skill level 5 in Maces & Flails
  1599 | D:3      | Reached XP level 6. HP: 55/55 MP: 3/3
  1627 | D:3      | Reached skill level 5 in Fighting
  1895 | D:3      | Noticed Natasha
  1901 | D:3      | Killed Natasha
  2526 | D:4      | Noticed Appriser's ghost (average VSSu)
  2530 | D:4      | Killed Appriser's ghost
  2530 | D:4      | Reached XP level 7. HP: 61/61 MP: 3/3
  2817 | D:4      | Reached skill level 5 in Armour
  2933 | D:5      | Entered Level 5 of the Dungeon
  3154 | D:5      | Reached skill level 6 in Maces & Flails
  3212 | D:5      | Found Psefaz's General Store.
  3221 | D:5      | Bought a scroll of identify for 22 gold pieces
  3257 | D:5      | Found a sparkling altar of Nemelex Xobeh.
  3268 | D:5      | Found a shadowy altar of Dithmenos.
  3846 | D:6      | Found a glowing golden altar of the Shining One.
  3851 | D:6      | Reached XP level 8. HP: 70/70 MP: 3/3
  3923 | D:6      | Reached skill level 5 in Shields
  3930 | D:6      | Reached skill level 7 in Maces & Flails
  4328 | D:6      | Noticed PnYMaT's ghost (experienced MiBe)
  4343 | D:6      | Killed PnYMaT's ghost
  4395 | D:6      | Found a staircase to the Ecumenical Temple.
  4412 | D:6      | Reached XP level 9. HP: 78/78 MP: 4/4
  4423 | D:6      | Found a blossoming altar of Fedhas.
  4523 | D:6      | Found a deep blue altar of Sif Muna.
  4557 | D:6      | Reached skill level 8 in Maces & Flails
  5825 | D:7      | Found an ancient bone altar of Kikubaaqudgha.
  6127 | D:7      | Found a sparkling altar of Nemelex Xobeh.
  6621 | D:8      | Reached skill level 9 in Maces & Flails
  7225 | D:8      | Acquired Trog's third power
  7278 | D:8      | Paralysed by a wasp for 3 turns
  8022 | D:9      | Found a staircase to the Lair.
  8030 | D:9      | Noticed a fire drake
  8039 | D:9      | Killed a fire drake
  8039 | D:9      | Reached XP level 10. HP: 79/88 MP: 4/4
  8320 | D:9      | Found a basalt altar of Yredelemnul.
  8367 | D:9      | Reached skill level 10 in Maces & Flails
  8582 | D:10     | Entered Level 10 of the Dungeon
  9007 | D:10     | Noticed a hill giant
  9018 | D:10     | Killed a hill giant
  9018 | D:10     | Reached skill level 11 in Maces & Flails
  9328 | D:10     | Killed an unseen horror
  9328 | D:10     | Reached skill level 10 in Armour
  9328 | D:10     | Reached skill level 5 in Dodging
  9595 | D:10     | Killed an unseen horror
  9860 | D:10     | Reached XP level 11. HP: 87/99 MP: 4/4
  9969 | D:10     | Received a gift from Trog
 10468 | D:10     | Reached skill level 10 in Fighting
 10574 | D:10     | Noticed a hill giant
 10582 | D:10     | Killed a hill giant
 10880 | D:11     | Found Psaxauwk's Distillery.
 10956 | D:11     | Found Iniriaha's General Store.
 11255 | D:11     | Reached skill level 12 in Maces & Flails
 11538 | D:11     | Noticed a four-headed hydra
 11550 | D:11     | Killed a four-headed hydra
 11863 | D:11     | Identified Sif Muna's Papyrus of Stolen Souls and Venom
 12102 | D:11     | Killed an unseen horror
 12282 | D:11     | Found Weudgh's Antique Armour Emporium.
 12285 | D:11     | Bought a pair of glowing gloves for 166 gold pieces
 12367 | D:11     | Killed an unseen horror
 12705 | D:11     | Noticed an eight-headed hydra
 12716 | D:11     | Killed an eight-headed hydra
 13221 | D:11     | Received a gift from Trog
 13239 | D:11     | Found a roughly hewn altar of Beogh.
 13239 | D:11     | Found a staircase to the Orcish Mines.
 13249 | D:11     | Received a gift from Trog
 13369 | D:11     | Reached skill level 1 in Stealth
 13378 | D:11     | Reached XP level 12. HP: 83/111 MP: 6/6
 13715 | D:11     | Reached skill level 1 in Axes
 13749 | D:12     | Found Gadewnonk's Armour Shoppe.
 13975 | D:12     | Noticed Erica
 13994 | D:12     | Killed Erica
 14355 | D:12     | Reached skill level 13 in Armour
 14603 | D:12     | Noticed Erolcha
 14613 | D:12     | Killed Erolcha
 14613 | D:12     | Reached skill level 5 in Axes
 14706 | D:13     | Found Hyfuowoq's Antique Weapon Shop.
 14849 | D:13     | Received a gift from Trog
 15662 | D:13     | Noticed a centaur warrior
 15668 | D:13     | Killed a centaur warrior
 15808 | D:13     | Noticed a centaur warrior
 15811 | D:13     | Killed a centaur warrior
 16161 | D:13     | Noticed a four-headed hydra
 16181 | D:13     | Killed a six-headed hydra
 16206 | D:13     | Reached XP level 13. HP: 74/122 MP: 6/6
 16590 | D:13     | Got a glittering steel ring
 16641 | D:13     | Found a gate to the Vaults.
 16642 | D:13     | Noticed a vault guard
 16652 | D:13     | Killed a vault guard
 17158 | D:13     | Received a gift from Trog
 17331 | D:14     | Found Wotat's General Store.
 17354 | D:14     | Bought a scroll of identify for 22 gold pieces
 17354 | D:14     | Bought 4 fruits for 66 gold pieces
 17397 | D:14     | Identified the ring of Kofaz {rC+ rN+ MP+9} (You took it off a human on level 13 of the Dungeon)
 17412 | D:14     | Reached skill level 14 in Armour
 18505 | D:15     | Entered Level 15 of the Dungeon
 18811 | D:15     | Reached skill level 10 in Axes
 18915 | D:15     | Noticed poirepourri's ghost (powerful DDBe)
 18932 | D:15     | Killed poirepourri's ghost
 19024 | D:15     | Received a gift from Trog
 19244 | D:15     | HP: 7/187 [ettin/dire flail (24)]
 19245 | D:15     | Annihilated by an ettin

Action                   |  1- 3 |  4- 6 |  7- 9 | 10-12 | 13-15 || total
-------------------------+-------+-------+-------+-------+-------++-------
Melee: Mace              |    46 |   129 |   281 |       |       ||   456
       Dire flail        |       |       |    67 |   375 |       ||   442
       Battleaxe         |       |       |       |   191 |   194 ||   385
Throw: Tomahawk          |       |       |       |       |     5 ||     5
Invok: Berserk           |     1 |     2 |     5 |    10 |     5 ||    23
       Brothers in Arms  |       |       |       |     3 |     2 ||     5
       Burn Spellbooks   |       |       |       |     1 |     3 ||     4
Evoke: Wand              |       |       |       |     2 |       ||     2
  Use: Scroll            |       |       |     7 |     5 |     5 ||    17
       Potion            |       |       |       |     5 |       ||     5
 Stab: Distracted        |       |       |       |       |     1 ||     1
  Eat: Fruit             |     1 |       |     2 |       |       ||     3
       Chunk             |       |     8 |    18 |    14 |     1 ||    41
       Bread ration      |       |       |     2 |     5 |     2 ||     9
       Royal jelly       |       |       |       |       |     1 ||     1
